 Dungeon Crawl Stone Soup version 0.28-a0-1524-ge72afd5fc6 (webtiles) character file.

Game seed: 16811281823940295873

681 Tando the Skirmisher (level 7, 0/56 HPs)
             Began as a Formicid Fighter on Jan 17, 2022.
             Was a Priest of Kikubaaqudgha.
             Succumbed to an adder's poison
             ... on level 4 of the Dungeon.
             The game lasted 00:25:51 (3999 turns).

Tando the Skirmisher (Formicid Fighter)             Turns: 3999, Time: 00:25:52

Health: 0/56       AC: 12    Str: 21    XL:     7   Next: 92%
Magic:  9/9        EV:  6    Int:  7    God:    Kikubaaqudgha [***...]
Gold:   134        SH:  5    Dex: 12    Spells: 6/9 levels left

rFire   . . .      SeeInvis +   a - +1 war axe
rCold   + . .      Faith    .   c - +0 buckler
rNeg    . . .      Spirit   .   h - +0 plate armour
rPois   .          Reflect  .   (helmet unavailable)
rElec   .          Harm     .   (no cloak)
rCorr   .          Rampage  .   (no gloves)
Will    .....                   (no boots)
Stlth   ..........              (no amulet)
HPRegen 0.18/turn               g - ring of protection from cold
MPRegen 0.11/turn               (no ring)

@: lethally poisoned (0 -> -2)
A: permanent stasis, dig shafts and tunnels, antennae 3, four strong arms
a: Dig, Shaft Self, Renounce Religion, Receive Corpses


You were on level 4 of the Dungeon.
You worshipped Kikubaaqudgha.
Kikubaaqudgha was most pleased with you.
You visited 1 branch of the dungeon, and saw 4 of its levels.

You collected 134 gold pieces.

Inventory:

Hand Weapons
 a - a +1 war axe (weapon)
 f - a +0 short sword
Armour
 c - a +0 buckler (worn)
 h - a +0 plate armour (worn)
Magical Staves
 l - a staff of poison
Jewellery
 g - a ring of protection from cold (left hand)
Wands
 d - a wand of polymorph (6)
 e - a wand of digging (4)
 j - a wand of iceblast (2) (quivered)
Scrolls
 i - 2 scrolls of identify
 k - a scroll of enchant weapon
 n - a scroll of blinking {unknown}
 o - a scroll of fear {unknown}
 p - a scroll of holy word {unknown}
Potions
 m - a potion of berserk rage {unknown}


   Skills:
 * Level 5.3 Fighting
 + Level 5.0 Axes
 + Level 4.6 Armour
 + Level 0.3 Dodging
 + Level 4.7 Shields
 + Level 0.3 Unarmed Combat
 + Level 1.6 Spellcasting
 * Level 2.2 Necromancy
 + Level 0.1 Evocations


You had 6 spell levels left.
You knew the following spells:

 Your Spells              Type           Power      Damage    Failure   Level
a - Call Imp              Summ           0%         N/A       100%        2
b - Animate Skeleton      Necr           6%         N/A       99%         1

Your spell library contained the following spells:

 Spells                   Type           Power      Damage    Failure   Level
 Pain                     Necr           12%        1d4       99%         1
 Magic Dart               Conj           0%         1d3       100%        1
 Corpse Rot               Necr/Air       4%         N/A       100%        2
 Frozen Ramparts          Ice            0%         1d2       100%        3
 Mephitic Cloud           Conj/Pois/Air  0%         N/A       100%        3
 Anguish                  Hex/Necr       1%         N/A       100%        4
 Animate Dead             Necr           1%         N/A       100%        4
 Dispel Undead            Necr           3%         3d7       100%        4
 Ice Form                 Ice/Tmut       0%         N/A       100%        4
 Summon Ice Beast         Ice/Summ       0%         N/A       100%        4
 Agony                    Necr           3%         N/A       100%        5
 Death Channel            Necr           1%         N/A       100%        6
 Simulacrum               Ice/Necr       1%         N/A       100%        6


Dungeon Overview and Level Annotations

Branches:
Dungeon (4/15)
 Temple: D:4-7

Altars:
Kikubaaqudgha
Vehumet


Innate Abilities, Weirdness & Mutations

You cannot be hasted, slowed, berserked, paralysed or teleported.
You can dig through walls and to a lower floor.
You have a pair of large antennae on your head. (SInv)
Your four strong arms can wield two-handed weapons with a shield.


Message History

You feel sick. The adder bites you but does no damage.
You feel sick. The adder barely misses you.
You feel sick.
The adder bites you but does no damage. x2
You feel sick. The adder bites you but does no damage.
You feel sick. The adder bites you but does no damage.
You feel sick.
You are no longer poisoned.
The adder bites you but does no damage. You block the adder's attack.
The adder bites you.
* * * LOW HITPOINT WARNING * * *
The adder bites you but does no damage. The adder bites you but does no damage.
The adder bites you but does no damage. x2
The adder bites you but does no damage. You block the adder's attack.
The adder bites you but does no damage. You block the adder's attack.
The adder bites you but does no damage. The adder bites you.
* * * LOW HITPOINT WARNING * * *
You are poisoned.
The adder poisons you!
You feel sick. You block the adder's attack.
You feel sick.
The adder bites you but does no damage. x2
You feel sick. You block the adder's attack.
You feel sick. The adder completely misses you.
You feel sick.
You are no longer poisoned.
The adder bites you but does no damage. x2
The adder bites you.
* * * LOW HITPOINT WARNING * * *
You are lethally poisoned!
The adder poisons you!
* * * LOW HITPOINT WARNING * * *
You feel sick. You block the adder's attack.
* * * LOW HITPOINT WARNING * * *
You feel sick.
The adder bites you but does no damage. x2
* * * LOW HITPOINT WARNING * * *
You feel sick. The adder bites you but does no damage.
You die...
Kikubaaqudgha rasps: "You have failed me!
Welcome... death!"

.......#.##.....#
####..###..#
.....#...#<...###
#......)...#
.._....#.######
#.##..###..#
.....#...##########.##..#
.
.......#.##.........##..#
.#.#......#.##########..#
.....#..#.#.# #...
.#.#...##.#.##########....
......###.......@S...<...#
#####.# ##.######>.......
####.## #.# #..#####.#
.....# #.# #>.# #.# ####.#
#.# #..# #.######## #.#
#.# #..# #.#.[..... #.#
#.# #..# #.#.###### #.#
#.# #..# #.#.## #.#
#..#####....### #


You could see an adder.

Vanquished Creatures
  Grinder (D:3)
  A necrophage (D:4)
  A scorpion (D:4)
  A killer bee (D:4)
  An orc priest (D:4)
  A jelly (D:4)
  Jessica (D:2)
  Natasha (thrice) (D:2)
  Robin (D:2)
  An adder (D:2)
  4 worms (D:2)
  3 dart slugs
  9 orcs
  3 bats
  9 endoplasms
  2 giant cockroaches (D:1)
  14 goblins
  13 hobgoblins
  3 jackals (D:4)
  9 kobolds
  A quokka (D:1)
  10 ball pythons
  3 frilled lizards
  4 rats
99 creatures vanquished.

Notes
Turn   | Place    | Note
-------+----------+-------------------------------------------
     0 | D:1      | Tando the Formicid Fighter began the quest for the Orb.
     0 | D:1      | Reached XP level 1. HP: 18/18 MP: 1/1
    64 | D:1      | Reached XP level 2. HP: 24/24 MP: 2/2
   394 | D:1      | Reached XP level 3. HP: 30/30 MP: 3/3
   495 | D:1      | Learned a level 2 spell: Call Imp
   543 | D:1      | Found a faded altar of an unknown god.
   549 | D:1      | Prayed at the altar of an unknown god.
   549 | D:1      | Became a worshipper of Kikubaaqudgha
   549 | D:1      | Reached * piety under Kikubaaqudgha
   549 | D:1      | Received a gift from Kikubaaqudgha
   972 | D:2      | Noticed Jessica
   980 | D:2      | Reached XP level 4. HP: 28/37 MP: 4/4
   985 | D:2      | Killed Jessica
  1177 | D:2      | Noticed Robin
  1182 | D:2      | Killed Robin
  1183 | D:2      | Reached skill level 1 in Spellcasting
  1183 | D:2      | Reached XP level 5. HP: 23/42 MP: 6/6
  1206 | D:2      | Reached ** piety under Kikubaaqudgha
  1215 | D:2      | Noticed Natasha
  1236 | D:2      | Killed Natasha
  1569 | D:2      | Noticed Natasha
  1581 | D:2      | Killed Natasha
  1584 | D:2      | Noticed Natasha
  1594 | D:2      | Killed Natasha
  1595 | D:2      | Reached XP level 6. HP: 33/49 MP: 8/8
  2209 | D:3      | Noticed Grinder
  2252 | D:3      | Killed Grinder
  2253 | D:3      | Reached skill level 1 in Necromancy
  2253 | D:3      | Reached XP level 7. HP: 29/55 MP: 9/9
  2274 | D:3      | Learned a level 1 spell: Animate Skeleton
  3076 | D:4      | Found a radiant altar of Vehumet.
  3207 | D:4      | Reached skill level 5 in Fighting
  3212 | D:4      | Reached *** piety under Kikubaaqudgha
  3212 | D:4      | Received a gift from Kikubaaqudgha
  3748 | D:4      | Noticed a water moccasin
  3765 | D:4      | a water moccasin changed into a killer bee
  3785 | D:4      | Reached skill level 5 in Axes
  3996 | D:4      | HP: 2/56 [poisoned by an adder]
  3999 | D:4      | Succumbed to an adder's poison

Illustrated notes

Levels and vault maps discovered:
D:1:      lightli_arrival_boilingwater, layout_basic, basic_ecumenical_altar
D:2:      layout_basic, st_stairs_13, uniq_robin, uniq_natasha, uniq_jessica
D:3:      layout_loops_ring, uniq_grinder
D:4:      layout_loops_ring, nicolae_vehumet_radiance, dk_rats_in_the_wall

Skill      XL: |  1  2  3  4  5  6  7 |
---------------+----------------------+-----
Shields        | 4 |  4.7
Fighting       | 4 5 |  5.3
Axes           | 3 4 5 |  5.0
Spellcasting   | 1 |  1.6
Armour         | 4 |  4.6
Necromancy     | 1 2 |  2.2
Dodging        | |  0.3
Unarmed Combat | |  0.3
Evocations     | |  0.1

Action                   |  1- 3 |  4- 6 |  7- 9 || total
-------------------------+-------+-------+-------++-------
Melee: War axe           |    92 |   104 |    79 ||   275
       Unarmed           |       |     5 |       ||     5
 Abil: Dig               |     4 |     4 |     2 ||    10
Evoke: Wand              |       |     1 |     4 ||     5
  Use: Potion            |     1 |     4 |     1 ||     6
       Scroll            |       |     3 |       ||     3
Armor: Scale mail        |    21 |       |       ||    21
       Plate armour      |    23 |    58 |   105 ||   186
       Skin              |       |     1 |       ||     1
Dodge: Dodged            |    36 |    28 |    39 ||   103
Block: Buckler           |    15 |    21 |    34 ||    70

Table legend: (Time is in decaauts)
 A = Elapsed time spent in this place.
 B = Non-inter-level travel time spent in this place.
 C = Inter-level travel time spent in this place.
 D = Time resting spent in this place.
 E = Time spent auto-exploring this place.
 F = Levels seen in this place.
 G = Mean time per level.
                   A        B        C        D        E       F      G
               +--------+--------+--------+--------+--------+-----+--------+
         Total |   4098 |   4036 |     62 |      0 |   2700 |   4 | 1024.5 |
       Dungeon |   4098 |   4036 |     62 |      0 |   2700 |   4 | 1024.5 |
               +--------+--------+--------+--------+--------+-----+--------+

Top non-repeatable levels by time:
     D:2: 1338 daAuts
     D:4: 943 daAuts
     D:1: 934 daAuts
     D:3: 882 daAuts
